 Dungeon Crawl Stone Soup version 0.30-a0-135-g630cfc4551 (webtiles) character file.

Game seed: 13853981786588721406

34 ragingrage the Shooter (level 3, 0/42 HPs)
             Began as a Barachi Hunter on Sept 20, 2022.
             Succumbed to Terence's poison
             ... on level 2 of the Dungeon.
             The game lasted 00:00:54 (1000 turns).

ragingrage the Shooter (Barachi Hunter)             Turns: 1000, Time: 00:00:55

Health: 0/42       AC:  4    Str: 12    XL:     3   Next: 31%
Magic:  3/3        EV: 12    Int:  9    God:
Gold:   107        SH:  0    Dex: 17    Spells: 2/2 levels left

rFire   . . .      SeeInvis .    b - +2 dagger (venom)
rCold   . . .      Faith    .    (no shield)
rNeg    . . .      Spirit   .    c - +0 leather armour
rPois   .          Reflect  .    (no helmet)
rElec   .          Harm     .    (no cloak)
rCorr   .          Rampage  .    j - +0 pair of gloves
Will    .....                    (no boots)
Stlth   ..........               (no amulet)
HPRegen 0.14/turn                (no ring)
MPRegen 0.08/turn                (no ring)

@: berserking, lethally poisoned (0 -> -22), unable to hop, very quick
A: amphibious, slowness 1, strong legs 1, +LOS
a: Hop


You were on level 2 of the Dungeon.
You visited 1 branch of the dungeon, and saw 2 of its levels.

You collected 107 gold pieces.

Inventory:

Hand Weapons
 a - a +0 shortbow
 b - a +2 dagger of venom (weapon)
Missiles
 f - a throwing net
Armour
 c - a +0 leather armour (worn)
 j - a +0 pair of gloves (worn)
Scrolls
 d - a scroll of enchant weapon {unknown}
 e - a scroll of amnesia {unknown}
 g - a scroll of vulnerability {unknown}
 k - a scroll of immolation
 m - a scroll of fear {unknown}
Potions
 i - a potion of attraction {unknown}
 l - a potion of magic {unknown}
 n - a potion of brilliance {unknown}
 o - a potion of degeneration {unknown}


   Skills:
 - Level 2.4 Fighting
 + Level 5.1 Ranged Weapons
 - Level 2.1 Dodging
 - Level 0.8 Stealth


You had 2 spell levels left.
You didn't know any spells.
Your spell library was empty.

Dungeon Overview and Level Annotations

Branches:
Dungeon (2/15)

Altars:

Annotations:
D:2 Terence


Innate Abilities, Weirdness & Mutations

You are amphibious.
You cover ground slowly.
You can hop short distances.
You have an extended range of vision and can be seen from far away.


Message History

You hear a shout!
Terence the Incautious comes into view.
He is wielding a +3 hand axe of venom and wearing a +4 ring mail of poison resistance.
You shoot an arrow.
The arrow hits Terence but does no damage.
Found a stone staircase leading up.
You shoot an arrow. The arrow hits Terence.
Terence is lightly wounded.
Terence barely misses you.
Terence hits you with a +3 hand axe of venom!
You are poisoned.
Okay, then.
Hop to where?
Press: ? - help, Dir - move target, p - Terence Boing!
You feel very sick.
It was a potion of berserk rage.
A red film seems to cover your vision as you go berserk!
You feel yourself moving faster!
You feel mighty!
You feel sick.
Terence hits you with a +3 hand axe of venom.
You are more poisoned.
You are too berserk!
Your +2 dagger of venom begins to drip with poison!
b - a +2 dagger of venom (weapon)
You feel a strong urge to attack something.
You feel sick.
You hit Terence but do no damage.
Terence is poisoned.
You feel sick.
Terence hits you with a +3 hand axe of venom.
* * * LOW HITPOINT WARNING * * *
You are more poisoned.
You hit Terence but do no damage.
* * * LOW HITPOINT WARNING * * *
You feel very sick.
You hit Terence.
Terence is moderately wounded.
* * * LOW HITPOINT WARNING * * *
You feel very sick. Terence closely misses you.
You hit Terence.
Terence is moderately wounded.
You die...

### ##### ..# ##...##
..# ##.....## ..#
#.......### ..#
#........< ..##
#.......###### ...####
##.....@.....#
##....####...[.@.####..#
####...##.......#
###.##.......#
#..##..(..######.
#######..##...##..!...
##....^##....>....#
........#†.....####
..........##...#


You could see Terence (very poisoned).

Vanquished Creatures
  3 dart slugs (D:1)
  2 ball pythons
  3 bats (D:1)
  2 endoplasms (D:2)
  A giant cockroach (D:2)
  3 goblins
  A hobgoblin (D:1)
  2 jackals (D:2)
  2 quokkas
  3 kobolds
  3 rats
25 creatures vanquished.

Notes
Turn   | Place    | Note
-------+----------+-------------------------------------------
     0 | D:1      | ragingrage the Barachi Hunter began the quest for the Orb.
     0 | D:1      | Reached XP level 1. HP: 17/17 MP: 1/1
   137 | D:1      | Reached XP level 2. HP: 23/23 MP: 2/2
   812 | D:2      | Reached XP level 3. HP: 28/28 MP: 3/3
   849 | D:2      | Reached skill level 5 in Ranged Weapons
   989 | D:2      | Noticed Terence
  1000 | D:2      | Succumbed to Terence's poison

Illustrated notes

Levels and vault maps discovered:
D:1:      eino_arrival_cavern_b, layout_basic
D:2:      layout_rooms, uniq_terence, uniq_robin, uniq_crazy_yiuf_cottage

Skill      XL: |  1  2  3 |
---------------+----------+-----
Ranged Weapons | 5 |  5.1
Fighting       | |  2.4
Dodging        | |  2.1
Stealth        | |  0.8

Action                   || total
-------------------------++-------
Melee: Dagger            ||    14
 Fire: Shortbow          ||    51
 Abil: Hop               ||     1
  Use: Potion            ||     1
Armor: Leather armour    ||     8
Dodge: Dodged            ||    22

Table legend: (Time is in decaauts)
 A = Elapsed time spent in this place.
 B = Non-inter-level travel time spent in this place.
 C = Inter-level travel time spent in this place.
 D = Time resting spent in this place.
 E = Time spent auto-exploring this place.
 F = Levels seen in this place.
 G = Mean time per level.
                   A        B        C        D        E       F      G
               +--------+--------+--------+--------+--------+-----+--------+
         Total |   1170 |   1093 |     77 |     62 |    878 |   2 |  585.0 |
       Dungeon |   1170 |   1093 |     77 |     62 |    878 |   2 |  585.0 |
               +--------+--------+--------+--------+--------+-----+--------+

Top non-repeatable levels by time:
     D:1: 962 daAuts
     D:2: 207 daAuts
